 Dungeon Crawl Stone Soup version 0.30-a0-1124-g6e8f0f562f (webtiles) character file.

Game seed: 9416135045693615422

13138 Sobieck the Unseen (level 12, -8/80 HPs)
             Began as a Kobold Brigand on Apr 23, 2023.
             Was an Elder of Wu Jian.
             Mangled by a tentacled starspawn (30 damage)
             ... on level 1 of the Abyss.
             The game lasted 00:30:21 (12733 turns).

Sobieck the Unseen (Kobold Brigand)                Turns: 12733, Time: 00:30:21

Health: -8/80      AC: 10    Str:  6    XL:     12   Next: 29%
Magic:  12/12      EV: 25    Int:  8    God:    Wu Jian [****..]
Gold:   508        SH:  6    Dex: 20    Spells: 11/11 levels left

rFire   . . .        b - +2 short sword (venom) {short}
rCold   . . .        p - +2 buckler {rPois}
rNeg    . . .        Y - +2 acid dragon scales
rPois   +            F - +1 hat {Stlth+}
rElec   .            c - +1 cloak
rCorr   +            L - +0 pair of gloves
SInv    .            g - +0 pair of boots
Will    .....        (no amulet)
Stlth   ++++++++     u - +5 ring of evasion
HPRegen 0.33/turn    N - ring of resist corrosion
MPRegen 0.13/turn

%: no passive effects
@: unable to drink
A: small, no large weapons, nightstalker 3, [deformed body], [dopey 2], [weak
2], [inability to drink after injury 2]
a: Renounce Religion, Wall Jump, Serpent's Lash


You were on level 1 of the Abyss.
You worshipped Wu Jian.
Wu Jian was greatly pleased with you.
You visited 2 branches of the dungeon, and saw 11 of its levels.
You visited the Abyss 1 time.

You collected 566 gold pieces.
You spent 58 gold pieces at shops.


Innate Abilities, Weirdness & Mutations

You are small and have problems with some larger weapons.
You are completely attuned to the shadows.
[Armour fits poorly on your strangely shaped body.]
[You are very dopey. (Int -4)]
[You are very weak. (Str -4)]
[You sometimes lose the ability to drink potions when taking damage.]


   Skills:
 + Level 11.5 Fighting
 - Level 10.0 Short Blades
 - Level 3.0 Throwing
 + Level 11.9 Dodging
 + Level 15.0 Stealth


You had 11 spell levels left.
You didn't know any spells.
Your spell library contained the following spells:

 Spells                   Type           Power      Damage    Failure   Level
 Sting                    Tmut/Pois      0%         1d3       85%         1
 Poisonous Vapours        Pois/Air       0%         N/A       94%         2
 Olgreb's Toxic Radiance  Pois           0%         N/A       100%        4

Inventory:

Hand Weapons
 a - a +1 dagger of speed {short}
   (You took it off an orc on level 6 of the Dungeon)
 b - a +2 short sword of venom (weapon) {short}
   (You took it off a kobold on level 4 of the Dungeon)
 H - a +0 spectral club {mace}
   (You found it on level 3 of the Dungeon)
 P - a +4 dagger of protection {short}
   (You found it on level 4 of the Dungeon)
 S - a +1 whip of flaming {mace}
   (You took it off Pikel on level 5 of the Dungeon)
Missiles
 d - 44 poisoned darts (quivered) {throwing}
 e - 4 curare-tipped darts {=fthrowing}
 k - 101 stones {throwing}
 K - 6 boomerangs {throwing}
Armour
 c - a +1 cloak (worn)
 g - a +0 pair of boots (worn)
   (You found it on level 5 of the Dungeon)
 p - a +2 buckler of poison resistance (worn)
   (You found it on level 2 of the Dungeon)
 B - a +0 plate armour
   (You found it on level 5 of the Dungeon)
 E - a +0 animal skin
   (You took it off Robin on level 3 of the Dungeon)
 F - a +1 hat of stealth (worn)
   (You took it off Gastronok on level 8 of the Dungeon)
 J - a +0 leather armour
   (You took it off an orc on level 4 of the Dungeon)
 L - a +0 pair of gloves (worn)
   (You bought it in a shop on level 4 of the Dungeon)
 M - a +0 robe
   (You found it on level 4 of the Dungeon)
 O - a +0 robe
   (You took it off Pikel on level 5 of the Dungeon)
 Q - a +0 robe
 R - a +0 leather armour
   (You found it on level 4 of the Dungeon)
 T - a +0 scale mail
   (You found it on level 6 of the Dungeon)
 U - a +2 leather armour of poison resistance
   (You took it off an orc on level 6 of the Dungeon)
 V - a +0 chain mail
   (You took it off an orc on level 6 of the Dungeon)
 X - a +0 robe
   (You found it on level 6 of the Dungeon)
 Y - +2 acid dragon scales (worn)
   (You took it off Maggie on level 7 of the Dungeon)
 Z - a +0 ring mail
   (You took it off an orc priest on level 6 of the Dungeon)
Jewellery
 u - a +5 ring of evasion (left hand)
   (You found it on level 2 of the Dungeon)
 N - a ring of resist corrosion (right hand)
   (You found it on level 5 of the Dungeon)
 W - a ring of fire
   (You found it on level 7 of the Dungeon)
Wands
 o - a wand of quicksilver (11)
   (You found it on level 6 of the Dungeon)
Scrolls
 i - a scroll of magic mapping {!r}
 m - 2 scrolls of fog
 r - a scroll of vulnerability {!r!r}
 s - 3 scrolls of amnesia
 w - a scroll of immolation {!r!r}
 y - a scroll of fear
 G - 4 scrolls of teleportation {@r4}
Potions
 f - 4 potions of heal wounds {@q2}
 h - a potion of cancellation
 j - a potion of ambrosia
 l - 2 potions of might
 n - a potion of resistance
 q - a potion of mutation {!q}
 t - a potion of brilliance {unknown}
 v - 4 potions of flight
 x - 4 potions of attraction {!q}
 A - a potion of berserk rage {unknown}
 C - a potion of lignification {unknown}
 D - 7 potions of curing {@q1}
 I - 6 potions of haste {@q3}

Dungeon Overview and Level Annotations

Branches:
Dungeon (10/15) Zot: 25856  Temple (1/1) D:7 Zot: 5964    Lair (0/5) D:10
    Orc (0/2) D:9

Altars:
Fedhas
Gozag
Makhleb
Nemelex Xobeh
Okawaru
Qazlal
Ru
Sif Muna
Trog
Vehumet
Wu Jian
Xom
Yredelemnul

Shops:
D:4 *

Annotations:
D:10 Erolcha

## ## # .. ## #
# .# . .... ..
.. ## #
.#...#.... # .
#...#####.#.....
#..# #.#.......
# # ###.#X─.....
. .##
#..##.@w#│.... .
#.#...#w─#.... #
##..#..##.#...
#.
.....#.###.....
. ....###.....
......# ...... #
# # ###.#..... .
. ##...##.. ....
# .##... # ...


You could see a tentacled starspawn and 2 starspawn tentacles.


Message History

The chaos spawn completely misses you.
The white imp hits you but does no damage.
Unknown command.
You hit the chaos spawn.
The chaos spawn is poisoned.
You barely miss the chaos spawn. You block the white imp's attack.
The chaos spawn completely misses you.
Unknown command.
You hit the chaos spawn but do no damage.
Unknown command.
You hit the white imp. The chaos spawn closely misses you.
You block the white imp's attack.
You closely miss the white imp.
You are suddenly pulled into a different region of the Abyss!
Unknown command.
Found a corrupted altar of Lugonu.
Unknown command.
You start resting.
Unknown command.
Unknown command.
Unknown command.
A fire dragon skeleton comes into view.
Unknown command.
Unknown command.
Unknown command.
Unknown command.
A large abomination comes into view.
Danger!
A tentacled starspawn comes into view.
Danger!
Unknown command.
Unknown command.
Danger!
You lunge at the tentacled starspawn, in a flurry of attacks.
You catch the helpless tentacled starspawn completely off-guard!
You spit the tentacled starspawn like a pig!!!
You hit the tentacled starspawn but do no damage.
The tentacled starspawn bites you!!
The tentacled starspawn closely misses you.
Unknown command.
You hit the tentacled starspawn but do no damage.
You hit the tentacled starspawn.
Tentacles burst from the starspawn's body! 2 starspawn tentacles come into view.
You puncture the tentacled starspawn!
Unknown command.
You barely miss the tentacled starspawn.
You block the tentacled starspawn's attack.
The tentacled starspawn barely misses you.
The starspawn tentacle grabs you. The starspawn tentacle constricts you.
You hit the tentacled starspawn.
The starspawn tentacle loses its grip on you.
You block the tentacled starspawn's attack.
The tentacled starspawn completely misses you.
You hit the tentacled starspawn but do no damage.
The starspawn tentacle grabs you. The starspawn tentacle constricts you.
You hit the tentacled starspawn but do no damage.
The starspawn tentacle loses its grip on you.
The tentacled starspawn misses you.
The tentacled starspawn completely misses you.
You spin and attack the starspawn tentacle repeatedly.
You hit the starspawn tentacle but do no damage. x2
Unknown command.
You hit the tentacled starspawn.
The starspawn tentacle barely misses you.
You hit the tentacled starspawn but do no damage.
The starspawn tentacle closely misses you.
The starspawn tentacle barely misses you.
Unknown command.
You hit the tentacled starspawn but do no damage.
Unknown command.
Unknown command.
You spin and attack the tentacled starspawn repeatedly.
You barely miss the tentacled starspawn.
You hit the tentacled starspawn but do no damage.
The tentacled starspawn barely misses you.
The tentacled starspawn tentacle-slaps you!
The starspawn tentacle grabs you. The starspawn tentacle constricts you.
* * * LOW HITPOINT WARNING * * *
Unknown command.
You hit the tentacled starspawn but do no damage.
The starspawn tentacle loses its grip on you.
The tentacled starspawn closely misses you.
The tentacled starspawn tentacle-slaps you!
You feel threatened and lose the ability to drink potions!
* * * LOW HITPOINT WARNING * * *
The starspawn tentacle misses you. The starspawn tentacle grabs you.
The starspawn tentacle constricts you.
You hit the tentacled starspawn but do no damage.
The starspawn tentacle loses its grip on you.
The tentacled starspawn completely misses you.
You block the tentacled starspawn's attack.
You hit the tentacled starspawn but do no damage.
The starspawn tentacle misses you.
The starspawn tentacle closely misses you.
You hit the tentacled starspawn. The tentacled starspawn bites you!!
You die...

Skill      XL: |  1  2  3  4  5  6  7  8  9 10 11 12 |
---------------+-------------------------------------+-----
Short Blades   | 3 4 5 6 7 8 10 | 10.0
Dodging        | 2 3 4 5 6 7 9 11 | 11.9
Stealth        | 6 7 8 9 10 12 14 15 | 15.0
Fighting       | 3 4 5 7 9 10 11 | 11.5
Throwing       | 3 |  3.0

Action                     |  1- 3 |  4- 6 |  7- 9 | 10-12 || total
---------------------------+-------+-------+-------+-------++-------
  Melee: Dagger            |    73 |   132 |   105 |   226 ||   536
         Short sword       |       |       |   226 |   835 ||  1061
  Throw: Dart              |       |       |       |    15 ||    15
Ability: Lunge             |       |       |       |    72 ||    72
         Whirlwind         |       |       |       |    17 ||    17
    Use: Scroll            |       |       |    19 |     6 ||    25
   Stab: Sleeping          |    21 |    16 |    17 |    44 ||    98
         Distracted        |     1 |       |       |    10 ||    11
 Armour: Robe              |    15 |    14 |    35 |     4 ||    68
         Acid dragon scale |       |       |       |    76 ||    76
  Dodge: Dodged            |    40 |    71 |   231 |   417 ||   759
  Block: Buckler           |     2 |    32 |    92 |   151 ||   277

Levels and vault maps discovered:
D:1:      giann_bridges, layout_loops_corners
D:2:      layout_basic, shapermc_ecumenical_altar_starsandcircs
D:3:      layout_loops_ring, hellmonk_okawaru_the_only_friend_you_need,
          lemuel_tele_altar, minmay_misc_feat_doors, uniq_crazy_yiuf_cottage,
          uniq_robin
D:4:      layout_loops_corners, nicolae_alphabet_shops, palyth_stone_intersect,
          hangedman_minor_gate_pass
D:5:      layout_cave_pods, nicolae_overflow_hidden_temple, uniq_edmund,
          uniq_pikel
D:6:      layout_basic, mainiacjoe_overflow_boulevard
D:7:      layout_loops_corners, minmay_temple_entry_large_hall, enter_bailey_3,
          uniq_joseph, uniq_maggie
D:8:      layout_basic, uniq_gastronok
D:9:      layout_small_grid, zombieorc2_lemuel
D:10:     layout_basic, mainiacjoe_overflow_chevrons, minmay_lair_entry_grove,
          serial_curves, eino_curves_04, eino_curves_01, eino_curves_03,
          uniq_erolcha
Temple:   hellmonk_temple_two_chambers
Abyss:1:  base: D:6, hangedman_decor_lopped

Notes
Turn   | Place    | Note
-------+----------+-------------------------------------------
     0 | D:1      | Sobieck the Kobold Brigand began the quest for the Orb.
     0 | D:1      | Reached XP level 1. HP: 12/12 MP: 1/1
   108 | D:1      | Reached XP level 2. HP: 18/18 MP: 2/2
   329 | D:1      | Reached skill level 3 in Short Blades
   461 | D:1      | Reached XP level 3. HP: 22/22 MP: 3/3
  1207 | D:2      | Reached skill level 2 in Dodging
  1512 | D:2      | Reached XP level 4. HP: 27/27 MP: 4/4
  1514 | D:2      | Found a faded altar of an unknown god.
  2108 | D:3      | Found a stormy altar of Qazlal.
  2135 | D:3      | Identified the +1 helmet "Jyntainn" {rPois}
  2135 | D:3      | Noticed Robin
  2169 | D:3      | Killed Robin
  2247 | D:3      | Reached skill level 6 in Stealth
  2324 | D:3      | Reached skill level 3 in Fighting
  2330 | D:3      | Reached skill level 3 in Throwing
  2521 | D:3      | Reached XP level 5. HP: 32/32 MP: 5/5
  2734 | D:3      | Found an iron altar of Okawaru.
  2937 | D:4      | Reached skill level 4 in Short Blades
  2937 | D:4      | Reached skill level 3 in Dodging
  2937 | D:4      | Noticed a water moccasin
  2970 | D:4      | Killed a water moccasin
  2971 | D:4      | Reached XP level 6. HP: 35/38 MP: 6/6
  3069 | D:4      | Noticed a black bear
  3074 | D:4      | Killed a black bear
  3075 | D:4      | Reached skill level 4 in Fighting
  3075 | D:4      | Reached skill level 5 in Short Blades
  3075 | D:4      | Reached skill level 4 in Dodging
  3075 | D:4      | Reached skill level 7 in Stealth
  3075 | D:4      | Reached XP level 7. HP: 43/43 MP: 7/7
  3309 | D:4      | Found Goymacus's Goods Gallery.
  3314 | D:4      | Bought a +0 pair of gloves for 58 gold pieces
  4032 | D:5      | Entered Level 5 of the Dungeon
  4950 | D:5      | Noticed Edmund
  5079 | D:5      | Found a shimmering blue altar of Sif Muna.
  5156 | D:5      | Noticed Pikel
  5182 | D:5      | Killed Pikel
  5183 | D:5      | Reached skill level 5 in Fighting
  5183 | D:5      | Reached skill level 6 in Short Blades
  5183 | D:5      | Reached skill level 5 in Dodging
  5183 | D:5      | Reached skill level 8 in Stealth
  5183 | D:5      | Reached XP level 8. HP: 25/50 MP: 8/8
  5483 | D:5      | Reached skill level 7 in Short Blades
  5483 | D:5      | Reached skill level 6 in Dodging
  5483 | D:5      | Reached skill level 9 in Stealth
  5754 | D:6      | Reached XP level 9. HP: 55/55 MP: 9/9
  5758 | D:6      | Reached skill level 6 in Fighting
  6205 | D:6      | Reached skill level 8 in Short Blades
  6205 | D:6      | Reached skill level 7 in Dodging
  6205 | D:6      | Reached skill level 10 in Stealth
  6458 | D:6      | Reached skill level 7 in Fighting
  6744 | D:5      | Killed Edmund
  6746 | D:5      | Found a sparkling altar of Nemelex Xobeh.
  6746 | D:5      | Found a basalt altar of Yredelemnul.
  6932 | D:6      | Found an opulent altar of Gozag.
  7116 | D:7      | Reached XP level 10. HP: 63/63 MP: 10/10
  7191 | D:7      | Reached skill level 9 in Short Blades
  7211 | D:7      | Found a staircase to the Ecumenical Temple.
  7220 | Temple   | Entered the Ecumenical Temple
  7249 | Temple   | Became a worshipper of the Wu Jian Council
  7281 | D:7      | Reached skill level 8 in Dodging
  7337 | D:7      | Reached skill level 11 in Stealth
  7434 | D:7      | Reached skill level 8 in Fighting
  7611 | D:7      | Noticed Maggie
  7614 | D:7      | Killed Maggie
  7664 | D:7      | Noticed Joseph
  7667 | D:7      | Killed Joseph
  8375 | D:8      | Noticed Gastronok
  8388 | D:8      | Reached * piety under Wu Jian
  8505 | D:8      | Reached skill level 9 in Dodging
  8531 | D:8      | Reached skill level 10 in Short Blades
  8531 | D:8      | Reached skill level 12 in Stealth
  8541 | D:8      | Reached skill level 9 in Fighting
  8761 | D:8      | Identified the +6 quarterstaff "Qatwisol" {pain, rC- Str+6
                  | Int+3}
  8886 | D:8      | Reached XP level 11. HP: 71/71 MP: 11/11
  9065 | D:8      | Killed Gastronok
  9507 | D:9      | Noticed a two-headed ogre
  9543 | D:9      | Killed a two-headed ogre
  9544 | D:9      | Reached skill level 10 in Fighting
  9544 | D:9      | Reached skill level 10 in Dodging
  9544 | D:9      | Reached skill level 13 in Stealth
  9715 | D:9      | Noticed a two-headed ogre
  9718 | D:9      | Killed a two-headed ogre
 10059 | D:9      | Reached ** piety under Wu Jian
 10320 | D:9      | Identified the +2 battleaxe "Hydraslayer" {holy, Dex+4}
 10475 | D:9      | Found a staircase to the Orcish Mines.
 10499 | D:9      | Reached *** piety under Wu Jian
 10552 | D:9      | Reached skill level 14 in Stealth
 10867 | D:9      | Reached skill level 11 in Dodging
 10974 | D:10     | Entered Level 10 of the Dungeon
 11403 | D:10     | Reached XP level 12. HP: 32/79 MP: 12/12
 11412 | D:10     | HP: 16/79 [something (14)]
 11414 | D:10     | Reached skill level 11 in Fighting
 11895 | D:10     | Reached **** piety under Wu Jian
 12125 | D:10     | Found a blossoming altar of Fedhas.
 12126 | D:10     | You add the spells Sting, Poisonous Vapours and Olgreb's
                  | Toxic Radiance to your library.
 12199 | D:10     | Noticed Erolcha
 12202 | D:10     | Found a staircase to the Lair.
 12223 | D:10     | You are cast into the Abyss!
 12223 | Abyss:1  | Cast into level 1 of the Abyss (Erolcha)
 12406 | Abyss:1  | Noticed a wretched star
 12408 | Abyss:1  | Reached skill level 15 in Stealth
 12408 | Abyss:1  | Noticed a death drake
 12424 | Abyss:1  | Found a corrupted altar of Lugonu.
 12564 | Abyss:1  | Found a corrupted altar of Lugonu.
 12713 | Abyss:1  | Noticed a tentacled starspawn
 12733 | Abyss:1  | Mangled by a tentacled starspawn

Vanquished Creatures
  Gastronok (D:8)
  2 two-headed ogres (D:9)
  Pikel (D:5)
  Joseph (D:7)
  Maggie (D:7)
  An unseen horror (D:10)
  A large abomination (Abyss:1)
  2 shadows
  2 wraiths
  16 yaks
  A ynoxinul (Abyss:1)
  2 wyverns (D:10)
  A basilisk (D:10)
  A small abomination (Abyss:1)
  Edmund (D:5)
  9 water moccasins
  3 black bears
  6 orc warriors
  An ice beast (D:5)
  An ogre (D:4)
  3 centaurs
  2 phantoms
  2 kobold brigands
  5 bullfrogs
  A scorpion (D:4)
  2 gnoll sergeants
  12 wights
  20 killer bees
  3 troll zombies (D:9)
  5 howler monkeys
  4 hounds
  2 jellies
  5 orc priests
  4 iguanas
  A sleepcap (D:6)
  3 orc wizards
  4 ogre zombies (D:9)
  Robin (D:3)
  12 gnolls
  6 adders
  A shadow imp (D:7)
  2 white imps (D:5)
  An ufetubus (D:5)
  A worm (D:2)
  A dart slug (D:1)
  39 orcs
  5 bats
  7 endoplasms
  4 giant cockroaches
  12 goblins
  6 hobgoblins
  2 jackals (D:1)
  20 kobolds
  8 quokkas
  7 ball pythons
  5 frilled lizards
  A goblin skeleton (D:9)
  5 goblin zombies (D:9)
  3 hobgoblin zombies (D:9)
  An orc skeleton (D:9)
  13 orc zombies (D:9)
  6 rats
301 creatures vanquished.

Vanquished Creatures (others)
  11 bushes (D:10)
  5 fungi (D:10)
  25 plants (D:10)
41 creatures vanquished.

Grand Total: 342 creatures vanquished

Table legend:
 A = Non-vault XP
 B = Vault XP
 C = Vault XP percentage of total XP
 D = Non-vault monster count
 E = Vault monster count
 F = Vault count percentage of total count
                 A         B        C        D         E       F
            +---------+---------+-------+---------+---------+-------
      Total |   12340 |    6429 |  34.3 |     232 |      69 |  22.9
            +---------+---------+-------+---------+---------+-------
        D:1 |      40 |       0 |   0.0 |      22 |       0 |   0.0
        D:2 |      31 |       0 |   0.0 |      12 |       0 |   0.0
        D:3 |      42 |      27 |  39.1 |      18 |       7 |  28.0
        D:4 |     252 |     431 |  63.1 |      17 |       8 |  32.0
        D:5 |     549 |     805 |  59.5 |      11 |       2 |  15.4
        D:6 |    1711 |       0 |   0.0 |      31 |       0 |   0.0
        D:7 |    1323 |     886 |  40.1 |      28 |       6 |  17.6
        D:8 |    1744 |    1471 |  45.8 |      34 |       1 |   2.9
        D:9 |    3975 |     688 |  14.8 |      32 |      33 |  50.8
       D:10 |    2054 |    2121 |  50.8 |      24 |      12 |  33.3
    Abyss:1 |     619 |       0 |   0.0 |       3 |       0 |   0.0
            +---------+---------+-------+---------+---------+-------

Illustrated notes

Table legend:
 A = Kills in this place as a percentage of kills in the entire game.
 B = Kills by you in this place as a percentage of kills by you in the entire game.
 C = Kills by friends in this place as a percentage of kills by friends in the entire game.
 D = Other kills in this place as a percentage of other kills in the entire game.
 E = Experience gained in this place as a percentage of experience gained in the entire game.
 F = Experience gained in this place divided by the number of levels of this place that you have seen.
                   A       B       C       D       E      F
               +-------+-------+-------+-------+-------+----------------------
         Total | 100.0 | 100.0 |   N/A |   N/A | 100.0 | 1564.1
       Dungeon |  99.0 |  99.0 |   N/A |   N/A |  96.7 | 1815.0
         Abyss |   1.0 |   1.0 |   N/A |   N/A |   3.3 | 619.0
               +-------+-------+-------+-------+-------+----------------------

Table legend: (Time is in decaauts)
 A = Elapsed time spent in this place.
 B = Non-inter-level travel time spent in this place.
 C = Inter-level travel time spent in this place.
 D = Time resting spent in this place.
 E = Time spent auto-exploring this place.
 F = Levels seen in this place.
 G = Mean time per level.
                   A        B        C        D        E       F      G
               +--------+--------+--------+--------+--------+-----+--------+
         Total |  12169 |  11730 |    439 |   1351 |   7422 |  12 | 1014.1 |
       Dungeon |  11686 |  11253 |    433 |   1215 |   7289 |  10 | 1168.6 |
        Temple |     35 |     29 |      6 |      0 |     22 |   1 |   35.0 |
         Abyss |    447 |    447 |      0 |    136 |    111 |   1 |  447.0 |
               +--------+--------+--------+--------+--------+-----+--------+

Top non-repeatable levels by time:
     D:5: 1438 daAuts
     D:9: 1383 daAuts
     D:6: 1331 daAuts
     D:4: 1292 daAuts
     D:7: 1151 daAuts
     D:3: 1141 daAuts
    D:10: 1139 daAuts
     D:1: 1070 daAuts
     D:8: 1053 daAuts
     D:2: 685 daAuts
 Abyss:1: 447 daAuts
  Temple: 35 daAuts
